 Dungeon Crawl Stone Soup version 0.31-a0-233-g139696dc86 (webtiles) character file.

Game seed: 4467129688630533907

1460 qw the Skirmisher (level 8, -6/49 HPs)
             Began as a Gargoyle Hexslinger on July 7, 2023.
             Was an Initiate of Okawaru.
             Mangled by a wight
             ... wielding a +0 halberd
              (9 damage)
             ... on level 7 of the Dungeon.
             The game lasted 00:02:14 (5271 turns).

qw the Skirmisher (Gargoyle Hexslinger)             Turns: 5271, Time: 00:02:14

Health: -6/49      AC: 20    Str: 12    XL:     8   Next: 76%
Magic:  8/9        EV: 13    Int: 14    God:    Okawaru [......]
Gold:   412        SH:  0    Dex: 14    Spells: 8/9 levels left

rFire   . . .        l - +0 orcbow
rCold   . . .        (shield currently unavailable)
rNeg    + . .        b - +0 ring mail
rPois   inf          d - +0 helmet
rElec   +            (no cloak)
rCorr   .            j - +0 pair of gloves
SInv    .            e - +0 pair of boots
Will    .....        (no amulet)
Stlth   ++           m - +4 ring of protection
HPRegen 0.28/turn    (no ring)
MPRegen 0.11/turn

%: no passive effects
@: about to teleport, heroic
A: sickness immunity, AC +5, negative energy resistance 1, electricity
resistance, torment resistance 1, petrification resistance
a: Renounce Religion


You were on level 7 of the Dungeon.
You worshipped Okawaru.
Okawaru was noncommittal.
You visited 2 branches of the dungeon, and saw 8 of its levels.

You collected 412 gold pieces.


Innate Abilities, Weirdness & Mutations

You are immune to sickness and miasma.
Your stone body is resilient. (AC +5)
You are immune to poison.
You resist negative energy. (rN+)
You are resistant to electric shocks. (rElec)
You are resistant to unholy torment.
You are immune to petrification.


   Skills:
 - Level 5.2(10.2) Fighting
 + Level 8.9(13.9) Ranged Weapons
 - Level 2.8(7.8) Armour
 - Level 1.5(6.5) Dodging
 - Level 1.0 Spellcasting
 - Level 2.6 Hexes
 - Level 2.3 Invocations


You had 8 spell levels left.
You knew the following spells:

 Your Spells              Type           Power      Damage    Failure   Level
a - Slow                  Hex            32%        N/A       17%         1

Your spell library contained the following spells:

 Spells                   Type           Power      Damage    Failure   Level
 Inner Flame              Hex/Fire       4%         N/A       65%         3
 Portal Projectile        Hex/Tloc       8%         N/A       65%         3
 Cause Fear               Hex            4%         N/A       86%         4

Inventory:

Hand Weapons
 l - a +0 orcbow (weapon)
Armour
 b - a +0 ring mail (worn)
 d - a +0 helmet (worn)
 e - a +0 pair of boots (worn)
 j - a +0 pair of gloves (worn)
Jewellery
 m - a +4 ring of protection (left hand)
Scrolls
 a - 2 scrolls of identify
Potions
 c - a potion of haste
 g - 3 potions of curing
 i - a potion of mutation

Dungeon Overview and Level Annotations

Branches:
Dungeon (7/15)             Temple (1/1) D:4

Altars:
Cheibriados
Dithmenos
Elyvilon
Fedhas
Hepliaklqana
Kikubaaqudgha
Makhleb
Nemelex Xobeh
Okawaru
Qazlal
Ru
Sif Muna
Trog
Uskayaw
Vehumet
Wu Jian
Xom
Yredelemnul
The Shining One

Shops:
D:2 *

Annotations:
D:3 3 runed translucent doors, qw's ghost, amateur MiHs
D:4 1 runed translucent door, qw's ghost, amateur MiHs
D:6 Prince Ribbit


Message History

The wyvern closely misses you. The wight misses you. x2
The wyvern barely misses you.
The scorpion stings you but does no damage.
You shoot an arrow. The arrow closely misses the wyvern.
The arrow hits the wight.
The wight is almost destroyed.
The wyvern closely misses you. The wight closely misses you. x2
The scorpion barely misses you.
You shoot an arrow.
The arrow hits the wyvern but does no damage.
The wyvern closely misses you.
The scorpion stings you but does no damage.
The wight closely misses you. The wight completely misses you.
You shoot an arrow.
The arrow hits the wyvern but does no damage.
The wyvern bites you.
The scorpion stings you but does no damage.
The wight hits you but does no damage. The wyvern bites you.
The wight hits you but does no damage.
You shoot an arrow. The arrow hits the wyvern.
The wyvern is lightly wounded.
The wyvern misses you.
The scorpion stings you but does no damage.
The wight hits you but does no damage. x2
You shoot an arrow. The arrow closely misses the wyvern.
The arrow barely misses the wight.
The wyvern closely misses you. The scorpion stings you.
The wight hits you but does no damage. The wight hits you with a +0 war axe!
The wight barely misses you.
You shoot an arrow. The arrow barely misses the wyvern.
The arrow completely misses the wight.
The wyvern bites you!
The scorpion stings you but does no damage.
The wyvern bites you.
5271 ||| READING scroll of teleportation.
As you read the scroll of teleportation, it crumbles to dust.
You feel strangely unstable.
The scorpion stings you but does no damage.
The wight hits you from afar with a +0 halberd!
You die...

............#.
...............
..............#
...............
...............
.....zzz.......
......ls#.#....
.....).@z......
......#<.......
.#### #........
#........
#.....#.#
####### .


You could see a wyvern, a scorpion and 4 wights.

Vanquished Creatures
  2 water moccasins (D:6)
  Duvessa (D:4)
  A centaur (D:6)
  2 kobold brigands
  A scorpion (D:5)
  4 wights
  Dowan (D:4)
  3 howler monkeys
  4 hounds (D:6)
  A jelly (D:4)
  An orc wizard (D:5)
  A sleepcap (D:4)
  2 iguanas
  3 gnolls (D:5)
  10 adders
  A white imp (D:6)
  6 worms
  A dart slug (D:1)
  6 orcs
  7 endoplasms
  3 giant cockroaches
  9 goblins
  7 hobgoblins
  4 jackals
  11 kobolds
  5 quokkas
  9 ball pythons
  3 bats
  7 frilled lizards
  6 rats
122 creatures vanquished.

Notes
Turn   | Place    | Note
-------+----------+-------------------------------------------
     0 | D:1      | qw the Gargoyle Hexslinger began the quest for the Orb.
     0 | D:1      | Reached XP level 1. HP: 12/12 MP: 2/2
     0 | D:1      | 0 ||| qw: Version: 0.3-a-46-gb1f654a
     0 | D:1      | 0 ||| qw: Game counter: 3338
     0 | D:1      | 0 ||| qw: Melee chars always use a shield: true
     0 | D:1      | 0 ||| qw: God list: Okawaru
     0 | D:1      | 0 ||| qw: Allow faded altars: false
     0 | D:1      | 0 ||| qw: Do Orc after clearing Dungeon:15 true
     0 | D:1      | 0 ||| qw: Do second Lair branch before Depths: true
     0 | D:1      | 0 ||| qw: Lair rune preference: random
     0 | D:1      | 0 ||| qw: Goals: Normal
     0 | D:1      | 0 ||| PLANNING D:1-11
    33 | D:1      | Reached XP level 2. HP: 9/16 MP: 3/3
    45 | D:1      | HP: 4/16 [goblin/+0 dagger (2)]
   203 | D:1      | Reached skill level 3 in Ranged Weapons
   237 | D:1      | Found a faded altar of an unknown god.
   360 | D:1      | Reached XP level 3. HP: 21/21 MP: 4/4
   690 | D:1      | 690 ||| READING scroll labelled IFUNNA QOUCLEY.
   691 | D:1      | 691 ||| READING scroll labelled QIEDDY XAIM.
   692 | D:1      | 692 ||| READING scroll labelled ERAKEY TIMOSMAAPN.
   693 | D:1      | 693 ||| READING scroll labelled CINGURR BAINLI.
   694 | D:1      | 694 ||| DROPPING scroll of poison.
   961 | D:2      | Found Kuedaf's General Store.
  1031 | D:2      | Reached XP level 4. HP: 23/26 MP: 5/5
  1032 | D:2      | Reached skill level 4 in Ranged Weapons
  1032 | D:2      | 1032 ||| FLEEEEING.
  1099 | D:2      | 1099 ||| READING scroll of enchant weapon.
  1099 | D:2      | 1099 ||| ENCHANTING +2 sling.
  1430 | D:2      | 1430 ||| UPGRADING to +0 ring mail.
  1440 | D:2      | 1440 ||| DROPPING +0 robe.
  1441 | D:2      | 1441 ||| UPGRADING to +0 pair of boots.
  1446 | D:2      | 1446 ||| UPGRADING to +0 pair of gloves.
  1451 | D:2      | 1451 ||| READING scroll labelled APSECAWKAO.
  1452 | D:2      | 1452 ||| READING scroll labelled QOIWEC ER TEOKI.
  1453 | D:2      | 1453 ||| DRINKING 3 glowing clear potions.
  1671 | D:3      | Noticed qw's ghost (amateur MiHs)
  1674 | D:3      | Found a runed translucent gate.
  1674 | D:3      | Found a runed translucent gate.
  1678 | D:3      | Found a runed translucent gate.
  1848 | D:3      | Reached skill level 1 in Armour
  1893 | D:3      | 1893 ||| READING scroll of enchant weapon.
  1893 | D:3      | 1893 ||| ENCHANTING +3 sling of flaming.
  1938 | D:3      | 1938 ||| READING scroll of brand weapon.
  1938 | D:3      | 1938 ||| BRANDING +4 sling of flaming.
  1969 | D:3      | Reached XP level 5. HP: 29/30 MP: 6/6
  2104 | D:3      | 2104 ||| READING scroll labelled QOTINT FUANEX.
  2105 | D:3      | 2105 ||| READING scroll labelled SUIMYTANWE.
  2156 | D:3      | 2156 ||| DRINKING 2 orange potions.
  2157 | D:3      | 2157 ||| DRINKING 2 potions of curing.
  2157 | D:3      | 2157 ||| (to cure confusion)
  2158 | D:3      | 2158 ||| READING 2 scrolls of identify.
  2158 | D:3      | 2158 ||| IDENTIFYING ruby potion
  2159 | D:3      | 2159 ||| DROPPING potion of ambrosia.
  2190 | D:4      | Reached skill level 5 in Ranged Weapons
  2218 | D:4      | Found a staircase to the Ecumenical Temple.
  2219 | D:4      | 2219 ||| PLANNING TEMPLE
  2223 | Temple   | Entered the Ecumenical Temple
  2274 | Temple   | 2274 ||| PLANNING D:1-11
  2317 | D:4      | Found a runed translucent door.
  2318 | D:4      | Noticed qw's ghost (amateur MiHs)
  2369 | D:4      | You fall into a shaft and drop 2 floors!
  2373 | D:6      | Noticed a water moccasin
  2381 | D:6      | Killed a water moccasin
  2382 | D:6      | Reached XP level 6. HP: 36/38 MP: 7/7
  2593 | D:6      | Noticed a water moccasin
  2600 | D:6      | Killed a water moccasin
  2601 | D:6      | Reached skill level 6 in Ranged Weapons
  2601 | D:6      | Reached XP level 7. HP: 43/43 MP: 8/8
  2696 | D:6      | 2696 ||| READING 2 scrolls labelled FEHIPL FUZXA.
  2703 | D:5      | Entered Level 5 of the Dungeon
  2750 | D:4      | Found a blossoming altar of Fedhas.
  2755 | D:4      | Found an ancient bone altar of Kikubaaqudgha.
  2759 | D:4      | Found a hide-covered altar of Uskayaw.
  2762 | D:4      | Found an iron altar of Okawaru.
  2763 | D:4      | 2763 ||| PLANNING OKAWARU WORSHIP
  2766 | D:4      | Became a worshipper of Warmaster Okawaru
  2767 | D:4      | 2767 ||| PLANNING D:1-11
  2812 | D:4      | Found a burning altar of Makhleb.
  2816 | D:4      | Noticed Duvessa
  2816 | D:4      | Noticed Dowan
  2836 | D:4      | Killed Duvessa
  2842 | D:4      | Killed Dowan
  2843 | D:4      | Reached skill level 7 in Ranged Weapons
  3355 | D:4      | 3355 ||| DROPPING ring of wizardry.
  3356 | D:4      | 3356 ||| DRINKING 3 red potions.
  3463 | D:4      | 3463 ||| DROPPING 2 potions of berserk rage.
  3544 | D:5      | 3544 ||| Stepping ~*~*~tactically~*~*~ (outnumbered).
  3735 | D:5      | Reached XP level 8. HP: 44/48 MP: 9/9
  3758 | D:5      | Reached * piety under Okawaru
  3907 | D:5      | 3907 ||| Stepping ~*~*~tactically~*~*~ (outnumbered).
  3914 | D:5      | Reached skill level 1 in Invocations
  4232 | D:5      | 4232 ||| UPGRADING to +0 helmet.
  4237 | D:5      | 4237 ||| DRINKING 2 brown potions.
  4238 | D:5      | 4238 ||| READING 2 scrolls of identify.
  4238 | D:5      | 4238 ||| IDENTIFYING inky potion
  4291 | D:6      | 4291 ||| STAIRDANCE
  4312 | D:6      | 4312 ||| STAIRDANCE
  4335 | D:6      | 4335 ||| FLEEEEING.
  4336 | D:6      | 4336 ||| STAIRDANCE
  4376 | D:6      | 4376 ||| STAIRDANCE
  4428 | D:6      | 4428 ||| STAIRDANCE
  4450 | D:6      | 4450 ||| STAIRDANCE
  4511 | D:6      | Found a sacrificial altar of Ru.
  4515 | D:6      | Reached skill level 8 in Ranged Weapons
  4555 | D:6      | Found a shimmering blue altar of Sif Muna.
  4556 | D:6      | 4556 ||| SWAPPING to +0 orcbow.
  4591 | D:6      | 4591 ||| DROPPING +4 sling of freezing.
  4800 | D:6      | 4800 ||| UPGRADING to +4 ring of protection.
  4801 | D:6      | 4801 ||| READING 3 scrolls of identify.
  4801 | D:6      | 4801 ||| IDENTIFYING lumpy blue potion
  4802 | D:6      | 4802 ||| DROPPING potion of attraction.
  4830 | D:7      | 4830 ||| STAIRDANCE
  4836 | D:6      | 4836 ||| INVOKING Heroism.
  4979 | D:7      | 4979 ||| STAIRDANCE
  5037 | D:7      | Noticed Prince Ribbit
  5038 | D:7      | 5038 ||| INVOKING Heroism.
  5048 | D:7      | 5048 ||| STAIRDANCE
  5054 | D:6      | HP: 10/49 [Prince Ribbit (8)]
  5055 | D:6      | 5055 ||| READING 2 scrolls of teleportation.
  5056 | D:6      | 5056 ||| DRINKING potion of heal wounds.
  5057 | D:6      | 5057 ||| INVOKING Heroism.
  5068 | D:6      | 5068 ||| FLEEEEING.
  5069 | D:6      | 5069 ||| FLEEEEING.
  5070 | D:6      | 5070 ||| FLEEEEING.
  5071 | D:6      | 5071 ||| FLEEEEING.
  5072 | D:6      | 5072 ||| FLEEEEING.
  5073 | D:6      | 5073 ||| FLEEEEING.
  5074 | D:6      | 5074 ||| FLEEEEING.
  5075 | D:6      | 5075 ||| FLEEEEING.
  5076 | D:6      | 5076 ||| STAIRDANCE
  5169 | D:6      | 5169 ||| STAIRDANCE
  5257 | D:7      | Noticed a wyvern
  5258 | D:7      | 5258 ||| INVOKING Heroism.
  5270 | D:7      | HP: 5/49 [wyvern (9)]
  5271 | D:7      | 5271 ||| READING scroll of teleportation.
  5271 | D:7      | Mangled by a wight

Levels and vault maps discovered:
D:1:      shiori_arrival_oz, layout_basic, hellmonk_ecumenical_altar_lost_god
D:2:      layout_basic, serial_shops, nicolae_shop_statue_plus
D:3:      layout_basic, gammafunk_ghost_split, minmay_box_of_dots
D:4:      layout_gridville, bloody_makhleb, grunt_temple_overflow_cloverleaf,
          minmay_temple_entry_arrows, gammafunk_ghost_grave, uniq_duvessa
D:5:      layout_loops_ring, chequers_avenue, chequers_serial_rivers_micro_a
D:6:      layout_cave_pools, mainiacjoe_overflow_big_doors,
          minmay_misc_feat_secret_circle, ebering_dispersal_statue_hall,
          st_stairs_2
D:7:      layout_rooms, uniq_crazy_yiuf_cottage, uniq_prince_ribbit1
Temple:   nicolae_temple_x_marks_the_god

Skill      XL: |  1  2  3  4  5  6  7  8 |
---------------+-------------------------+-----
Ranged Weapons | 3 4 5 6 7 8 |  8.9
Fighting       | 2 4 5 |  5.2
Armour         | 1 2 |  2.8
Invocations    | 2 |  2.3
Dodging        | |  1.5
Spellcasting   | |  1.0
Hexes          | |  2.6

Action                     |  1- 3 |  4- 6 |  7- 9 || total
---------------------------+-------+-------+-------++-------
   Fire: Sling             |   123 |   130 |   131 ||   384
         Orcbow            |       |       |   113 ||   113
 Invoke: Heroism           |       |       |     4 ||     4
    Use: Scroll            |     4 |     8 |     5 ||    17
         Potion            |       |     3 |     3 ||     6
 Armour: Robe              |    31 |       |       ||    31
         Ring mail         |       |    22 |   147 ||   169
  Dodge: Dodged            |    44 |    20 |   162 ||   226

Table legend:
 A = Non-vault XP
 B = Vault XP
 C = Vault XP percentage of total XP
 D = Non-vault monster count
 E = Vault monster count
 F = Vault count percentage of total count
                 A         B        C        D         E       F
            +---------+---------+-------+---------+---------+-------
      Total |    1856 |     231 |  11.1 |     115 |       7 |   5.7
            +---------+---------+-------+---------+---------+-------
        D:1 |      40 |       4 |   9.1 |      22 |       2 |   8.3
        D:2 |      78 |       0 |   0.0 |      22 |       0 |   0.0
        D:3 |      68 |       3 |   4.2 |      24 |       2 |   7.7
        D:4 |      85 |     211 |  71.3 |       6 |       2 |  25.0
        D:5 |     493 |       0 |   0.0 |      22 |       0 |   0.0
        D:6 |     972 |      13 |   1.3 |      17 |       1 |   5.6
        D:7 |     120 |       0 |   0.0 |       2 |       0 |   0.0
            +---------+---------+-------+---------+---------+-------
